cohdb
Replays
Latest Replays
All Replays
Popular Replays
Top Player Replays
Match Explorer
How It Works
Community
CoH3 Stats
Reddit
Sign in to upload your games and track your stats! →
Sign in with Steam
Match 39081272
Unlisted
Match 39081272
Overview
Messages
Build Orders
End
Construct Infanterie Kompanie
Selects Mechanized Battlegroup
MG 42 Machine Gun Team
Grenadier Squad
Grenadier Squad
GrW 34 Mortar Team
Construct Luftwaffe Kompanie
Medical Bunker
Flak 30 Anti-aircraft Gun Team
Infanterie Officer Quarters
Jäger Squad
Support Elements
Wirbelwind Flakpanzer
Jäger Squad
Selects Spotting Scopes
Selects Wespe Self-propelled Artillery
Selects Spotting Scopes
Selects Wespe Self-propelled Artillery
Wespe Self-propelled Artillery
Construct Panzer Kompanie
Selects Raid Package
Stoßtruppen Squad
Pioneer Squad
MG 42 Machine Gun Team
Selects 8 Rad Armored Car
Kettenkrad Recon Vehicle
Selects UNKNOWN (2160084)
Construct Panzergrenadier Kompanie
Medical Bunker
Faltun
V.IAC
Ehsan_Shayan
WeebSlayer
CrazyGaming
tombieniek1979
SneaKerz
gb_gbg
0
0
Comments
sign in to comment!
No comments posted yet!